 Dungeon Crawl Stone Soup version 0.31-a0-1074-g0b22e4e0f1 (webtiles) character file.

Game seed: 3050901921005790899

9737 grandjackal the Thaumaturge (level 11, -20/86 HPs)
             Began as a Djinni Artificer on Nov 29, 2023.
             Was an Initiate of Gozag.
             Killed from afar by a frost giant (40 damage)
             ... with a bolt of cold
             ... on level 10 of the Dungeon.
             The game lasted 00:19:33 (11886 turns).

grandjackal the Thaumaturge (Djinni Artificer)     Turns: 11886, Time: 00:19:33

Health: -20/86     AC: 15    Str: 11    XL:     11   Next: 80%
Gold:   687        EV: 10    Int: 17    God:    Gozag SH:  0 Dex: 14

rFire   + + .        x - +0 halberd (venom)
rCold   x . .        (shield currently unavailable)
rNeg    . . .        L - +2 ring mail {Will+}
rPois   ∞            (no helmet)
rElec   .            (no cloak)
rCorr   .            (no gloves)
SInv    .            (boots unavailable)
Will    ++...        (no amulet)
Stlth   +            u - +4 ring of protection
HPRegen 0.34/turn    v - +4 ring of protection
MPRegen 0.00/turn

%: infuse magic (-21 HP)
@: flying
A: sickness immunity, fire resistance 2, cold vulnerability 1, float, innate
caster, HP casting, extra vitality 1
a: Renounce Religion, Potion Petition, Call Merchant, Bribe Branch


You were on level 10 of the Dungeon.
You worshipped Gozag.
Gozag was pleased with you.
You visited 2 branches of the dungeon, and saw 11 of its levels.
You also visited: Sewer.

You collected 1087 gold pieces.
You spent 300 gold pieces at shops.
You paid 100 gold pieces to Gozag.

Inventory:

Hand Weapons
 t - a +0 spear
 x - a +0 halberd of venom (weapon)
 y - a +1 heavy long sword
 O - a +3 scimitar of flaming
Missiles
 h - 23 poisoned darts (quivered)
 s - a throwing net
Armour
 j - the +2 robe of Cutilah {rC++ rCorr Str+2 Int-2}
   (You found it on level 9 of the Dungeon)

   Str+2:     It affects your strength (+2).
   Int-2:     It affects your intelligence (-2).
   rC++:      It greatly protects you from cold.
   rCorr:     It protects you from acid and corrosion.
 L - a +2 ring mail of willpower (worn)
Jewellery
 u - a +4 ring of protection (left hand)
 v - a +4 ring of protection (right hand)
 J - a +5 ring of evasion
 N - a ring of wizardry
 P - a ring of protection from cold
Talismans
 A - a granite talisman
Wands
 c - a wand of flame (2)
 d - a wand of charming (28)
 e - a wand of iceblast (3)
 K - a wand of digging (5)
Scrolls
 f - 3 scrolls of fear {unknown}
 g - 4 scrolls of teleportation {unknown}
 k - 2 scrolls of enchant weapon {unknown}
 l - 2 scrolls of amnesia {unknown}
 m - a scroll of noise {unknown}
 n - a scroll of vulnerability {unknown}
 o - 6 scrolls of poison {unknown}
 r - 2 scrolls of immolation
 w - a scroll of acquirement {unknown}
 D - 3 scrolls of blinking {unknown}
 E - a scroll of fog {unknown}
 M - a scroll of silence {unknown}
Potions
 a - a potion of lignification
 b - 2 potions of curing
 i - 4 potions of attraction
 p - 3 potions of invisibility
 q - 2 potions of berserk rage
 z - 3 potions of resistance
 B - 2 potions of cancellation
 C - a potion of magic
 F - a potion of degeneration {unknown}
 G - a potion of brilliance {unknown}
 H - a potion of heal wounds {unknown}
 I - 3 potions of mutation {unknown}


   Skills:
 + Level 10.3 Fighting
 - Level 1.0 Armour
 - Level 2.1 Dodging
 - Level 0.7 Stealth
 * Level 10.9 Spellcasting
 * Level 10.9 Conjurations
 * Level 10.9 Hexes
   Level 0.0 Charms
 * Level 10.9 Summonings
 * Level 10.9 Necromancy
 * Level 10.9 Translocations
 * Level 10.9 Transmutations
 * Level 10.9 Fire Magic
 * Level 10.9 Ice Magic
 * Level 10.9 Air Magic
 * Level 10.9 Earth Magic
 * Level 10.9 Poison Magic
 - Level 3.0 Evocations


You knew the following spells:

 Your Spells              Type           Power      Damage    Failure   Level
a - Slow                  Hex            100%       N/A       1%          1
b - Passwall              Tmut/Erth      38%        N/A       1%          2
c - Static Discharge      Conj/Air       92%        3-7/arc   1%          2
d - Brom's Barrelling Bo  Conj/Erth      46%        2d6       1%          4
e - Airstrike             Air            23%        2d(4-20)  1%          4
Your spell library was empty.

Dungeon Overview and Level Annotations

Branches:
Dungeon (10/15)            Temple (1/1) D:7            Lair (0/5) D:8
  Sewer (visited)
    Orc: D:9-12

Altars:
Ashenzari
Cheibriados
Dithmenos
Elyvilon
Fedhas
Gozag
Hepliaklqana
Makhleb
Nemelex Xobeh
Okawaru
Qazlal
Ru
Trog
Uskayaw
Wu Jian
Xom
Yredelemnul
Zin
The Shining One

Shops:
D:6 =   D:7 ([

Annotations:
D:3 1 runed translucent door, Crazy Yiuf
D:4 2 transporters, grandjackal's ghost, amateur OgWr
D:9 3 runed translucent doors, abessonov's ghost, journeyman DjFE


Innate Abilities, Weirdness & Mutations

You are immune to sickness and miasma.
You are immune to poison.
Your flesh is very heat resistant. (rF++)
You are vulnerable to cold. (rC-)
You float through the air rather than walking.
You learn spells naturally, not from books.
Your magical power is your life essence.
You have superior vitality. (+4 MHP)


Message History

Aiming: Airstrike (dangerous; 1% risk of failure)
Press: ? - help, Dir - move target, f/p - ice beast
Aim: an ice beast (water, empty space bonus: 8/8)
The air twists around and strikes the ice beast!
The ice beast is heavily wounded.
An electric eel comes into view.
Unknown command.
Casting: Airstrike (dangerous; 1% risk of failure)
Confirm with . or Enter, or press ? or * to list all spells.
Aiming: Airstrike (dangerous; 1% risk of failure)
Press: ? - help, Dir - move target, f/p - ice beast
Aim: an ice beast (water, heavily wounded, empty space bonus: 8/8)
The air twists around and strikes the ice beast!!
You kill the ice beast!
You now have 661 gold pieces (gained 16).
Unknown command.
Casting: Airstrike (dangerous; 1% risk of failure)
Confirm with . or Enter, or press ? or * to list all spells.
Aiming: Airstrike (dangerous; 1% risk of failure)
Press: ? - help, Dir - move target, f - electric eel
Aim: an electric eel (water, empty space bonus: 8/8)
The air twists around and strikes the electric eel!!
You kill the electric eel!
You now have 665 gold pieces (gained 4).
Unknown command.
You start resting.
Your magical contamination has completely faded away.
HP restored.
You now have 687 gold pieces (gained 22).
A frost giant comes into view.
It is wielding a +2 battleaxe of freezing.
The frost giant shouts!
The frost giant casts a spell at you. The bolt of cold hits you!!!
You feel a terrible chill!
Ouch! That really hurt!
* * * LOW HITPOINT WARNING * * *
The frost giant is engulfed in freezing vapours.
The frost giant gestures at you while chanting.
The bolt of cold hits you!!!
You feel a terrible chill!
You die...
Your body crumbles into a pile of gold.

≈≈#≈≈≈≈# ## #≈≈≈≈≈##
###..##≈≈≈≈≈#
#.....~~≈# ...C.#C≈#
#.. ##°# # #°## #○°##
≈####@≈°#
≈≈≈≈≈≈≈≈≈≈### ###
##≈≈≈≈≈≈≈≈≈≈###≈≈≈
#≈≈≈≈≈≈≈≈≈≈≈≈≈≈≈≈≈≈#
#~≈≈≈≈≈≈≈≈≈≈≈≈≈≈≈≈≈≈#
.~≈≈≈≈≈≈≈≈≈≈≈≈≈≈≈≈≈#
~~≈≈≈≈≈≈≈≈≈≈≈≈≈≈≈≈≈#
#≈≈≈≈≈≈≈≈≈≈≈≈≈≈≈≈≈≈#
##≈≈≈≈≈≈≈≈≈≈≈≈≈≈#


You could see a frost giant.

Vanquished Creatures
  Erica (D:8)
  A two-headed ogre (D:9)
  A deep elf pyromancer (D:10)
  Joseph (D:8)
  An ice statue (D:10)
  A gargoyle (D:10)
  Jeremiah (D:8)
  A kobold demonologist (D:9)
  Grinder (D:6)
  3 shadows
  A wyvern (D:9)
  Grum (D:8)
  2 steam dragons (D:8)
  4 water moccasins
  3 orc warriors
  11 ice beasts
  2 sky beasts (D:6)
  4 black bears
  An ogre (D:6)
  2 wolves (D:8)
  5 centaurs
  2 phantoms
  A kobold brigand (D:9)
  A bullfrog (D:7)
  3 scorpions
  13 wights
  A jelly (D:4)
  5 electric eels (D:10)
  A howler monkey (D:5)
  3 gnoll boudas
  5 orc priests
  4 hounds
  2 sleepcaps
  Natasha (thrice) (D:3)
  An iguana (D:7)
  10 orc wizards
  7 adders
  15 gnolls
  5 river rats (Sewer)
  A shadow imp (D:7)
  4 ufetubi
  An adder zombie (D:2)
  5 worms
  6 dart slugs
  19 orcs
  13 ball pythons
  7 bats
  6 endoplasms
  4 giant cockroaches
  8 goblins
  6 hobgoblins
  9 jackals
  9 quokkas
  4 frilled lizards
  29 kobolds
  26 rats
287 creatures vanquished.

Vanquished Creatures (collateral kills)
  2 gnolls (D:4)
  A worm (D:3)
  An orc (D:8)
  10 boulders
14 creatures vanquished.

Vanquished Creatures (others)
  A jelly (D:5)
  2 gnolls (D:3)
  12 boulders (D:8)
15 creatures vanquished.

Grand Total: 316 creatures vanquished

Notes
Turn   | Place    | Note
-------+----------+-------------------------------------------
     0 | D:1      | grandjackal the Djinni Artificer began the quest for the
                  | Orb.
     0 | D:1      | Reached XP level 1. HP: 17/17 MP: 0/0
    79 | D:1      | Reached XP level 2. HP: 20/22 MP: 0/0
   147 | D:1      | Reached skill level 1 in Spellcasting
   147 | D:1      | Reached skill level 1 in Conjurations
   147 | D:1      | Reached skill level 1 in Hexes
   147 | D:1      | Reached skill level 1 in Summonings
   147 | D:1      | Reached skill level 1 in Necromancy
   147 | D:1      | Reached skill level 1 in Translocations
   147 | D:1      | Reached skill level 1 in Transmutations
   147 | D:1      | Reached skill level 1 in Fire Magic
   147 | D:1      | Reached skill level 1 in Ice Magic
   147 | D:1      | Reached skill level 1 in Air Magic
   147 | D:1      | Reached skill level 1 in Earth Magic
   147 | D:1      | Reached skill level 1 in Poison Magic
   324 | D:1      | Reached XP level 3. HP: 15/28 MP: 0/0
   324 | D:1      | Learned a level 1 spell: Slow
  1088 | D:2      | Reached XP level 4. HP: 13/33 MP: 0/0
  2042 | D:3      | Reached XP level 5. HP: 33/39 MP: 0/0
  2042 | D:3      | Learned a level 2 spell: Passwall
  2483 | D:3      | Found a faded altar of an unknown god.
  2670 | D:3      | Found a shadowy altar of Dithmenos.
  2674 | D:3      | Noticed Natasha
  2692 | D:3      | Killed Natasha
  2804 | D:3      | Noticed Natasha
  2814 | D:3      | Killed Natasha
  2815 | D:3      | Reached XP level 6. HP: 35/46 MP: 0/0
  2829 | D:3      | Noticed Natasha
  2838 | D:3      | Killed Natasha
  2921 | D:3      | Noticed a water moccasin
  2927 | D:3      | Killed a water moccasin
  3059 | D:3      | Found a runed translucent door.
  3060 | D:3      | Noticed Crazy Yiuf
  3467 | D:4      | Reached XP level 7. HP: 40/51 MP: 0/0
  3467 | D:4      | Learned a level 2 spell: Static Discharge
  3874 | D:4      | Found a transporter.
  3880 | D:4      | Found a transporter.
  4168 | D:4      | Noticed grandjackal's ghost (amateur OgWr)
  4450 | D:5      | Entered Level 5 of the Dungeon
  4521 | D:5      | Reached XP level 8. HP: 46/58 MP: 0/0
  4586 | D:5      | Reached skill level 5 in Spellcasting
  4586 | D:5      | Reached skill level 5 in Conjurations
  4586 | D:5      | Reached skill level 5 in Hexes
  4586 | D:5      | Reached skill level 5 in Summonings
  4586 | D:5      | Reached skill level 5 in Necromancy
  4586 | D:5      | Reached skill level 5 in Translocations
  4586 | D:5      | Reached skill level 5 in Transmutations
  4586 | D:5      | Reached skill level 5 in Fire Magic
  4586 | D:5      | Reached skill level 5 in Ice Magic
  4586 | D:5      | Reached skill level 5 in Air Magic
  4586 | D:5      | Reached skill level 5 in Earth Magic
  4586 | D:5      | Reached skill level 5 in Poison Magic
  4836 | D:5      | Found a basalt altar of Yredelemnul.
  4836 | D:5      | Found a shimmering altar of Xom.
  4841 | D:5      | Reached skill level 5 in Fighting
  5458 | D:6      | Reached XP level 9. HP: 46/66 MP: 0/0
  5458 | D:6      | Learned a level 4 spell: Brom's Barrelling Boulder
  5710 | D:6      | Found Innuthra's Jewellery Shop.
  5739 | D:6      | Noticed Grinder
  5757 | D:6      | Killed Grinder
  5766 | D:6      | Noticed a torpor snail
  5767 | D:6      | Found a snail-covered altar of Cheibriados.
  5767 | D:6      | Noticed a torpor snail
  5794 | D:6      | Found a glowing drain.
  5812 | Sewer    | Entered a sewer
  6403 | D:6      | Noticed a torpor snail
  6552 | D:7      | Found a blossoming altar of Fedhas.
  6576 | D:7      | Found Geits's Weapon Emporium.
  6580 | D:7      | Found Cheibriados's Comfort Zone.
  6582 | D:7      | Found a snail-covered altar of Cheibriados.
  7316 | D:7      | Reached XP level 10. HP: 56/75 MP: 0/0
  7538 | D:7      | Found a staircase to the Ecumenical Temple.
  7544 | Temple   | Entered the Ecumenical Temple
  7583 | Temple   | Became a worshipper of Gozag Ym Sagoz the Greedy
  7929 | D:8      | Noticed Joseph
  7939 | D:8      | HP: 2/76 [Joseph/+0 quarterstaff (10)]
  7942 | D:8      | Killed Joseph
  8162 | D:8      | Noticed Grum
  8190 | D:8      | Killed Grum
  8315 | D:8      | Found a hide-covered altar of Uskayaw.
  9083 | D:8      | Noticed Erica
  9094 | D:8      | Killed Erica
  9206 | D:8      | Found a staircase to the Lair.
  9408 | D:8      | Found a glowing silver altar of Zin.
  9408 | D:8      | Noticed Jeremiah
  9433 | D:8      | Killed Jeremiah
  9434 | D:8      | Reached XP level 11. HP: 38/84 MP: 0/0
  9434 | D:8      | Learned a level 4 spell: Airstrike
  9582 | D:8      | Noticed an angel
  9836 | D:6      | Bought a ring of protection from cold for 300 gold pieces
 10331 | D:9      | Noticed a two-headed ogre
 10350 | D:9      | Killed a two-headed ogre
 10351 | D:9      | Reached skill level 10 in Spellcasting
 10351 | D:9      | Reached skill level 10 in Conjurations
 10351 | D:9      | Reached skill level 10 in Hexes
 10351 | D:9      | Reached skill level 10 in Summonings
 10351 | D:9      | Reached skill level 10 in Necromancy
 10351 | D:9      | Reached skill level 10 in Translocations
 10351 | D:9      | Reached skill level 10 in Transmutations
 10351 | D:9      | Reached skill level 10 in Fire Magic
 10351 | D:9      | Reached skill level 10 in Ice Magic
 10351 | D:9      | Reached skill level 10 in Air Magic
 10351 | D:9      | Reached skill level 10 in Earth Magic
 10351 | D:9      | Reached skill level 10 in Poison Magic
 10602 | D:9      | Found a runed translucent gate.
 10607 | D:9      | Found a runed translucent gate.
 10608 | D:9      | Found a runed translucent gate.
 10610 | D:9      | Noticed abessonov's ghost (journeyman DjFE)
 10612 | D:9      | Identified the +2 robe of Cutilah {rC++ rCorr Str+2 Int-2}
 11204 | D:10     | Entered Level 10 of the Dungeon
 11206 | D:10     | Noticed a deep elf pyromancer
 11210 | D:10     | Killed a deep elf pyromancer
 11286 | D:10     | Reached skill level 10 in Fighting
 11881 | D:10     | Noticed a frost giant
 11886 | D:10     | Killed from afar by a frost giant

Illustrated notes

Levels and vault maps discovered:
D:1:      psy_arrival_statuary, layout_loops_ring, grunt_decor_resistance
D:2:      layout_rooms, serial_undead, serial_undead_b, serial_undead_c,
          serial_undead_f, serial_undead_f
D:3:      layout_loops_ring, grunt_dithmenos_smoke,
          ebering_ecumenical_altar_sacrificial, minivault_27, uniq_natasha,
          uniq_crazy_yiuf_cottage
D:4:      layout_loops_corners, gammafunk_ghost_stat_death,
          minmay_misc_feat_secret_circle
D:5:      layout_basic, mainiacjoe_overflow_large_starburst
D:6:      layout_rooms, cheibriados_altar_2, serial_shops,
          kennysheep_little_box, cheibrodos_sewer_entry_bend,
          minmay_misc_feat_rugged, uniq_grinder
D:7:      layout_basic, fedhas_ov_isle_minmay, minmay_temple_entry_fiery,
          serial_shops, nicolae_shop_tiny_real_fake_doors, minmay_shop_chei
D:8:      layout_loops_ring, zin_angel,
          mainiacjoe_overflow_concentric_impassable, lair_entry_dummy,
          uniq_grum, uniq_jeremiah, uniq_joseph, uniq_erica
D:9:      layout_cave_pods, ebering_ghost_rock_garden
D:10:     minmay_twisted_water, layout_stronghold
Temple:   regret_index_temple_generic_petals

Skill      XL: |  1  2  3  4  5  6  7  8  9 10 11 |
---------------+----------------------------------+-----
Spellcasting   | 1 2 3 4 6 7 9 10 | 10.9
Conjurations   | 1 2 3 4 6 7 9 10 | 10.9
Hexes          | 1 2 3 4 6 7 9 10 | 10.9
Summonings     | 1 2 3 4 6 7 9 10 | 10.9
Necromancy     | 1 2 3 4 6 7 9 10 | 10.9
Translocations | 1 2 3 4 6 7 9 10 | 10.9
Transmutations | 1 2 3 4 6 7 9 10 | 10.9
Fire Magic     | 1 2 3 4 6 7 9 10 | 10.9
Ice Magic      | 1 2 3 4 6 7 9 10 | 10.9
Air Magic      | 1 2 3 4 6 7 9 10 | 10.9
Earth Magic    | 1 2 3 4 6 7 9 10 | 10.9
Poison Magic   | 1 2 3 4 6 7 9 10 | 10.9
Fighting       | 2 3 4 6 7 9 10 | 10.3
Armour         | |  1.0
Dodging        | |  2.1
Stealth        | |  0.7
Evocations     | |  3.0

Action                     |  1- 3 |  4- 6 |  7- 9 | 10-12 || total
---------------------------+-------+-------+-------+-------++-------
  Melee: Club              |    26 |       |       |       ||    26
         Dagger            |   187 |   248 |       |       ||   435
         Punch             |     2 |     4 |       |       ||     6
         Spear             |       |   150 |       |       ||   150
         Halberd           |       |       |   326 |    94 ||   420
   Cast: Slow              |     4 |     3 |       |       ||     7
         Static Discharge  |       |       |    33 |    62 ||    95
         Brom's Barrelling |       |       |       |    26 ||    26
         Airstrike         |       |       |       |    53 ||    53
  Evoke: Wand              |       |    13 |     6 |       ||    19
    Use: Potion            |       |       |     2 |     2 ||     4
         Scroll            |       |       |     4 |     4 ||     8
   Stab: Sleeping          |     2 |       |       |       ||     2
         Distracted        |       |       |       |     1 ||     1
 Armour: Leather armour    |    84 |       |       |       ||    84
         Ring mail         |    67 |   259 |   553 |   225 ||  1104
  Dodge: Dodged            |   135 |   189 |   320 |   106 ||   750

Table legend: (Time is in decaauts)
 A = Elapsed time spent in this place.
 B = Non-inter-level travel time spent in this place.
 C = Inter-level travel time spent in this place.
 D = Time resting spent in this place.
 E = Time spent auto-exploring this place.
 F = Levels seen in this place.
 G = Mean time per level.
                   A        B        C        D        E       F      G
               +--------+--------+--------+--------+--------+-----+--------+
         Total |  12117 |  11727 |    390 |   3149 |   5698 |  12 | 1009.8 |
       Dungeon |  11433 |  11117 |    316 |   3149 |   5356 |  10 | 1143.3 |
        Temple |     76 |      2 |     74 |      0 |      0 |   1 |   76.0 |
         Sewer |    607 |    607 |      0 |      0 |    342 |   1 |  607.0 |
               +--------+--------+--------+--------+--------+-----+--------+

Top non-repeatable levels by time:
     D:8: 2090 daAuts
     D:9: 1343 daAuts
     D:3: 1267 daAuts
     D:4: 1191 daAuts
     D:7: 1182 daAuts
     D:1: 1161 daAuts
     D:5: 869 daAuts
     D:2: 869 daAuts
     D:6: 770 daAuts
    D:10: 686 daAuts
   Sewer: 607 daAuts
  Temple: 76 daAuts
